 Dungeon Crawl Stone Soup version 0.20-a0-526-g753eaab (webtiles) character file.

48 Laphicet the Firebug (level 3, -3/25 HPs)
             Began as a Demonspawn Fire Elementalist on Jan 24, 2017.
             Slain by a centaur skeleton (5 damage)
             ... on level 1 of the Dungeon on Jan 26, 2017.
             The game lasted 00:06:39 (1656 turns).

Laphicet the Firebug (Demonspawn Fire Elementalist) Turns: 1656, Time: 00:06:40

Health: -3/25      AC:  2    Str:  9    XL:     3   Next: 50%
Magic:  6/6        EV: 12    Int: 16    God:
Gold:   38         SH:  0    Dex: 13    Spells: 5/6 levels left

rFire    . . .     SeeInvis .   (no weapon)
rCold    . . .     Gourm    .   a - +0 robe
rNeg     . . .     Faith    .   (no shield)
rPois    .         Spirit   .   (no helmet)
rElec    .         Reflect  .   (no cloak)
rCorr    .         Harm     .   (no gloves)
MR       .....                  (no boots)
Stlth    ++........             (no amulet)
Regen    0.1/turn               (no ring)
                                (no ring)

@: very slightly contaminated
A: powered by pain 1
a: no special abilities


You were on level 1 of the Dungeon.
You were not hungry.

You visited 1 branch of the dungeon, and saw 2 of its levels.

You collected 38 gold pieces.

Inventory:

Armour
 a - a +0 robe (worn)
Jewellery
 i - an uncursed ring of protection from magic {unknown}
Scrolls
 f - a scroll of remove curse {unknown}
 g - a scroll of amnesia {unknown}
 j - a scroll of teleportation {unknown}
Potions
 e - 2 potions of might {unknown}
 h - a potion of lignification {unknown}
Books
 b - a book of Flames

   Spells                             Type                      Level
   a - Flame Tongue                   Conjuration/Fire             1
   b - Throw Flame                    Conjuration/Fire             2
   c - Conjure Flame                  Conjuration/Fire             3
   d - Inner Flame                    Hexes/Fire                   3
   e - Sticky Flame                   Conjuration/Fire             4
   f - Fireball                       Conjuration/Fire             5
Comestibles
 c - a bread ration


   Skills:
 + Level 0.6 Fighting
 + Level 2.1 Dodging
 + Level 2.2 Stealth
 + Level 2.3 Spellcasting
 + Level 1.6 Conjurations
 + Level 3.1 Fire Magic


You had 5 spell levels left.
You knew the following spells:

 Your Spells              Type           Power        Failure   Level  Hunger
f - Flame Tongue          Conj/Fire      #....        10%         1    #......


Dungeon Overview and Level Annotations

Branches:
Dungeon (2/15)

Altars:

Annotations:
D:2 Robin


Innate Abilities, Weirdness & Mutations

You sometimes gain a little power by taking damage.


Message History

Aiming: Flame Tongue
Press: ? - help, Shift-Dir - straight line, f/p - centaur skeleton
Aim: a centaur skeleton (moderately damaged)
The flame tongue hits the centaur skeleton.
The centaur skeleton is heavily damaged.
The centaur skeleton hits you!
Casting: Flame Tongue
Confirm with . or Enter, or press ? or * to list all spells.
Aiming: Flame Tongue
Press: ? - help, Shift-Dir - straight line, f/p - centaur skeleton
Aim: a centaur skeleton (heavily damaged)
You miscast Flame Tongue.
You are very lightly contaminated with residual magic.
You feel uncomfortably hot. The centaur skeleton hits you!
You focus on the pain.
You feel your power returning. The centaur skeleton hits you!
* * * LOW HITPOINT WARNING * * *
Okay, then.
The centaur skeleton hits you.
You die...

#.#.............#######......#.#
#.#.............# #......#.#
#.#####'#'#####.# #......#.#
#.### #.#.#####.# #......#.#
#...# #.#.......##########)..#.##
#...# #(#....................#...
#...# #....................#.####
#...###.#.##########.....#.......
................@Z.............>#
#.####.##.###.######.....#.#.....
..# #.##.# #.# ##........#.## ###
#..#.# #.# ####.#.#.#.# # ##.#.#
#.# #.#.#.#.# # #...# #.#
#.#.#.#.# # ##..# #.# #.#.#.#.# #
#..# #.# ##### #.#.#.#.# # ##.#
#.# #...# #.#'#'#.#


You could see a centaur skeleton.

Vanquished Creatures
  An adder (D:2)
  An ooze (D:2)
  A dart slug (D:1)
  2 leopard geckos (D:1)
  A bat (D:1)
  2 giant cockroaches (D:1)
  4 goblins (D:1)
  4 hobgoblins (D:1)
  2 jackals (D:1)
  A quokka (D:2)
  4 frilled lizards (D:1)
  3 kobolds (D:1)
  4 rats
30 creatures vanquished.

Notes
Turn   | Place    | Note
-------+----------+-------------------------------------------
     0 | D:1      | Laphicet the Demonspawn Fire Elementalist began the quest for the Orb.
     0 | D:1      | Reached XP level 1. HP: 13/13 MP: 3/3
   107 | D:1      | Gained mutation: You sometimes gain a little power by taking damage. [demonic ancestry]
   107 | D:1      | Reached XP level 2. HP: 17/19 MP: 0/5
   976 | D:1      | Reached XP level 3. HP: 25/25 MP: 2/6
  1087 | D:1      | Reached skill level 3 in Fire Magic
  1404 | D:2      | Upgraded the game from 0.20-a0-517-g5f97612 to 0.20-a0-526-g753eaab
  1500 | D:2      | Noticed Robin
  1656 | D:1      | Slain by a centaur skeleton

Vault maps used:
D:1:      dpeg_arrival_radiant, st_stairs_3
D:2:      grunt_temple_overflow_open, uniq_robin

Skill      XL: |  1  2  3 |
---------------+----------+-----
Stealth        | 2 |  2.2
Dodging        | 2 |  2.1
Fire Magic     | 3 |  3.1
Fighting       | |  0.6
Spellcasting   | |  2.3
Conjurations   | |  1.6

Action                   || total
-------------------------++-------
Melee: Unarmed           ||    29
 Cast: Flame Tongue      ||    51
 Stab: Sleeping          ||     1
  Eat: Chunk             ||     3
Armor: Robe              ||     7
Dodge: Dodged            ||    38
